 Dungeon Crawl Stone Soup version 0.27.0-1-g7a089689b8 (webtiles) character file.

Game seed: 6484814488371628924

359635 rogsnak the Sorcerer (level 23, -30/161 HPs)
             Began as a Djinni Fire Elementalist on Aug 15, 2021.
             Was the Champion of Elyvilon.
             Killed from afar by an ancient lich (94 damage)
             ... with a crystal spear
             ... on level 2 of the Vaults on Aug 16, 2021.
             The game lasted 03:36:28 (41004 turns).

rogsnak the Sorcerer (Djinni Fire Elementalist)    Turns: 41004, Time: 03:36:29

Health: -30/161    AC: 16    Str:  4    XL:     23   Next: 45%
Gold:   1038       EV: 18    Int: 29    God:    Elyvilon [******] SH: 14 Dex: 15

rFire    + + +     SeeInvis +   Y - +10 rapier "Vurita" {freeze, rElec}
rCold    . . .     Faith    .   u - +2 shield of Resistance {rF++ rC++ Will++}
rNeg     + + +     Spirit   .   R - +1 troll leather armour
rPois    ∞         Reflect  .   v - +2 helmet {SInv}
rElec    +         Harm     .   B - +2 cloak
rCorr    +         Rampage  .   l - +2 pair of gloves {archery}
Will     +++++                  (boots unavailable)
Stlth    +++.......             c - amulet "Moqas" {rN+++ Regen+ Str-3 Int+4 Dex-4}
HPRegen  2.36/turn              q - ring "Luyst" {Will+ rCorr Dex+6 SInv}
MPRegen  0.00/turn              E - ring of Nitridik {Fire rElec rPois rCorr Dex-3}

@: flying, studying 4 skills
A: sickness immunity, fire resistance 2, cold vulnerability 1, float, innate
caster, hp casting, extra vitality 1
}: 2/15 runes: decaying, serpentine
a: Renounce Religion, Lesser Healing, Heal Other, Purification, Greater Healing,
Divine Vigour, Divine Protection


You were on level 2 of the Vaults.
You worshipped Elyvilon.
Elyvilon was exalted by your worship.
You visited 8 branches of the dungeon, and saw 37 of its levels.
You visited 1 bazaar.
You also visited: Gauntlet and Volcano.

You collected 5091 gold pieces.
You spent 4053 gold pieces at shops.

Inventory:

Hand Weapons
 A - a +2 scimitar of holy wrath
 Y - the +10 rapier "Vurita" (weapon) {freeze, rElec}
   (You took it off a minotaur in a Gauntlet)

   It freezes those it strikes, dealing additional cold damage.
   It can also slow down cold-blooded creatures.
   rElec:     It insulates you from electricity.
Armour
 j - the +3 helmet of Tuimife {*Corrode rPois Str+8 Dex+3}
   (You found it in a Gauntlet)

   Str:       It affects your strength (+8).
   Dex:       It affects your dexterity (+3).
   rPois:     It protects you from poison.
   *Corrode:  It may corrode you when you take damage.
 l - a +2 pair of gloves of archery (worn)
 u - the +2 shield of Resistance (worn) {rF++ rC++ Will++}
   (You bought it in a shop on level 2 of the Orcish Mines)

   rF:        It greatly protects you from fire.
   rC:        It greatly protects you from cold.
   Will:      It greatly increases your willpower.
 v - a +2 helmet of see invisible (worn)
 B - a +2 cloak (worn)
 I - +0 ice dragon scales
 R - a +1 troll leather armour (worn)
Magical Staves
 o - a staff of fire
Jewellery
 c - the amulet "Moqas" (around neck) {rN+++ Regen+ Str-3 Int+4 Dex-4}
   (You bought it in a shop in a bazaar)

   [amulet of regeneration]

   Str:       It affects your strength (-3).
   Int:       It affects your intelligence (+4).
   Dex:       It affects your dexterity (-4).
   rN:        It renders you almost immune to negative energy.
   Regen:     It increases your rate of health regeneration.
 g - an amulet of faith
 k - an amulet of reflection
 q - the ring "Luyst" (left hand) {Will+ rCorr Dex+6 SInv}
   (You acquired it on level 5 of the Lair of Beasts)

   [ring of dexterity]

   Dex:       It affects your dexterity (+6).
   SInv:      It lets you see invisible.
   rCorr:     It protects you from acid and corrosion.
   Will:      It increases your willpower.
 z - a ring of protection from cold
 E - the ring of Nitridik (right hand) {Fire rElec rPois rCorr Dex-3}
   (You found it in a Gauntlet)

   [ring of fire]

   It enhances your fire magic.
   Dex:       It affects your dexterity (-3).
   rF:        It protects you from fire.
   rC:        It makes you vulnerable to cold.
   rElec:     It insulates you from electricity.
   rPois:     It protects you from poison.
   rCorr:     It protects you from acid and corrosion.
 J - a ring of positive energy
Wands
 b - a wand of acid (13)
 d - a wand of paralysis (21)
 i - a wand of digging (12)
 x - a wand of charming (15)
 K - a wand of iceblast (15)
 U - a wand of polymorph (41)
 V - a wand of mindburst (8)
Scrolls
 e - 15 scrolls of teleportation
 h - 5 scrolls of fog
 t - 11 scrolls of enchant weapon
 w - 2 scrolls of brand weapon
 D - 8 scrolls of immolation
 F - a scroll of silence
 H - 4 scrolls of blinking
 O - 2 scrolls of fear
 W - 2 scrolls of identify
 X - 2 scrolls of magic mapping
Potions
 a - a potion of resistance
 f - 5 potions of cancellation
 m - 21 potions of curing
 n - 5 potions of haste
 p - 10 potions of heal wounds
 s - 5 potions of mutation
 C - 7 potions of might
 G - 3 potions of brilliance
 N - a potion of invisibility
 T - 5 potions of ambrosia
Miscellaneous
 r - a box of beasts
 Q - a tin of tremorstones (2/2)
 Z - a phantom mirror


   Skills:
 + Level 13.3 Fighting
 + Level 7.3 Armour
 + Level 15.4 Dodging
 - Level 5.0 Stealth
 + Level 13.8 Shields
 + Level 22.3 Spellcasting
 - Level 5.0 Invocations
 - Level 2.7 Evocations


You couldn't memorise any spells.
You knew the following spells:

 Your Spells              Type           Power      Damage    Failure   Level
a - Foxfire               Conj/Fire      100%       2x1d9     0%          1
b - Conjure Flame         Conj/Fire      100%       6-21      0%          3
c - Inner Flame           Hex/Fire       100%       N/A       0%          3
d - Sticky Flame          Conj/Fire      100%       2d11      0%          4
e - Fireball              Conj/Fire      63%        3d24      0%          5
f - Corona                Hex            100%       N/A       0%          1
g - Call Imp              Summ           100%       N/A       0%          2
h - Blink                 Tloc           N/A        N/A       0%          2
i - Animate Dead          Necr           52%        N/A       0%          4
j - Agony                 Necr           100%       N/A       0%          5
k - Iskenderun's Battles  Conj           100%       2d15      0%          5
l - Dispersal             Tloc           52%        N/A       1%          6
m - Simulacrum            Ice/Necr       52%        N/A       1%          6
n - Shadow Creatures      Summ           N/A        N/A       1%          6
o - Storm Form            Tmut/Air       52%        N/A       1%          7
p - Orb of Destruction    Conj           52%        9d16      1%          7
Your spell library was empty.

Dungeon Overview and Level Annotations

Branches:
Dungeon (15/15)            Temple (1/1) D:5            Lair (6/6) D:9
  Swamp (4/4) Lair:4        Snake (4/4) Lair:3        Slime (0/5) Lair:6
    Orc (2/2) D:10            Elf (3/3) Orc:2        Vaults (2/5) D:14
 Depths (0/5) D:15        Volcano (visited)         Gauntlet (visited)
  Crypt: Vaults:2-3

Altars:
Ashenzari
Cheibriados
Dithmenos
Elyvilon
Fedhas
Gozag
Hepliaklqana
Kikubaaqudgha
Makhleb
Nemelex Xobeh
Okawaru
Qazlal
Ru
Sif Muna
Uskayaw
Vehumet
Wu Jian
Xom
Yredelemnul
Zin
The Shining One
Beogh

Shops:
D:4 :   D:6 !   D:8 (   D:10 [   Orc:1 **   Orc:2 :[[?!   Elf:1 :   Elf:2 ?*
Snake:2 [[:   Snake:3 :[*   Vaults:2 [

Portals:
Trove: Vaults:1 (show abyssal rune of Zot)

Annotations:
D:3 wall cache
D:4 1 runed translucent door, Spaninq's ghost, amateur PaGl
D:5 1 runed translucent door, voltaire321's ghost, novice GrFi
D:15 Roxanne
Swamp:3 1 runed translucent door, Almightybob's ghost, adept OpCK


Innate Abilities, Weirdness & Mutations

You are immune to sickness and miasma.
You are immune to poison.
Your flesh is very heat resistant. (rF++)
You are vulnerable to cold. (rC-)
You float through the air rather than walking.
You learn spells naturally, not from books.
Your magical power is your life essence.
You have superior vitality. (+4 HP)


Message History

The bolt of acid hits the ancient lich.
The ancient lich is splashed with acid!
The acid corrodes the ancient lich!
The ancient lich is moderately damaged.
The ancient lich touches you!
The ancient lich points at you and mumbles some strange words.
The bolt of acid hits you!! You resist.
You are splashed with acid!
You resist.
The ancient lich points at you and mumbles some strange words.
The bolt of acid hits you! You resist.
You are splashed with acid.
You resist.
A very large slime creature splits.
Items here: ((( = [[.
Unknown command.
Unknown command.
Casting: Fireball (safe; 0% risk of failure)
Confirm with . or Enter, or press ? or * to list all spells.
Aiming: Fireball (safe; 0% risk of failure)
Press: ? - help, Shift-Dir - straight line, p - ancient lich You feel a surge of power!
That beam is likely to hit you.
Continue anyway?
Okay, then.
Casting: Fireball (safe; 0% risk of failure)
Confirm with . or Enter, or press ? or * to list all spells.
Aiming: Fireball (safe; 0% risk of failure)
Press: ? - help, Shift-Dir - straight line You feel a surge of power!
That beam is likely to hit you.
Continue anyway?
Okay, then.
Casting: Fireball (safe; 0% risk of failure)
Confirm with . or Enter, or press ? or * to list all spells.
Aiming: Fireball (safe; 0% risk of failure)
Press: ? - help, Shift-Dir - straight line You feel a surge of power!
The fireball explodes!
The fireball engulfs the ancient lich!!
The ancient lich resists.
The ancient lich is moderately damaged.
Your battlesphere fires!
The barrage of energy hits the ancient lich!
The ancient lich is heavily damaged.
The ancient lich gestures at you while chanting.
The crystal spear hits you!!!!
Ouch! That really hurt!
You die...

....'...)...#*.........',,,,,,,,,
....#.)))...#*,.......,',^,,,,,,,
#####.)).[..#*,,......,*****'****
#.......#*,,,..).,,+,,,*,,,*,
****##'####+######)##***,,,+,,,+,
,,,,...# #.......J.# *,,,*,,,*,
,,.....# #...^.J.§.# **+***+***
.......# #..§§§L§†.# *,,,*,,,*,
...>...# #...§§@.§.# *,,,+,,,+,
.......* #..§§§§.§.# *,,,*,,,*,
.......* #..§§§§§.*# **********
******** #..§§§....# ###########


You could see an ancient lich (fast, invisible, corroded, ally target), a
friendly large slime creature (summoned), a friendly slime creature (summoned)
and a friendly battlesphere.

Vanquished Creatures
  Vashnia (Snake:4)
  Nikola (Elf:3)
  A tentacled monstrosity (Swamp:2)
  3 deep elf blademasters
  2 deep elf master archers (Elf:3)
  Gastronok (Lair:2)
  Kirke (Elf:1)
  Frances (Elf:1)
  3 thorn hunters
  Donald (Swamp:1)
  A nagaraja (Snake:4)
  3 fenstrider witches
  An orc warlord (Orc:2)
  A deep elf sorcerer (Elf:3)
  3 vault wardens (Vaults:2)
  Aizul (Snake:1)
  Louise (Elf:1)
  The ghost of krigyl the Severer, a journeyman MiFi of Ru (Snake:4)
  4 deep elf elementalists (Elf:3)
  2 ghouls (Swamp:1)
  6 ironbound preservers
  5 deep elf demonologists
  2 entropy weavers
  4 deep elf annihilators (Elf:3)
  3 bunyips (Swamp:2)
  Azrael (Orc:2)
  A dire elephant (Vaults:2)
  A minotaur (Gauntlet)
  A red draconian (Volcano)
  8 eleionomae
  2 ettins
  7 deep elf death magi (Elf:3)
  3 deep elf high priests
  A shambling mangrove (Swamp:3)
  4 yaktaur captains (Vaults:2)
  21 naga warriors
  4 boulder beetles
  5 centaur warriors
  3 salamander tyrants
  8 vault guards
  A ghost crab (Swamp:4)
  4 catoblepae
  22 hydras
  Erolcha (D:13)
  13 anacondas
  An ironbound frostheart (Vaults:2)
  4 ogre magi
  11 two-headed ogres
  20 dancing weapons
  22 death yaks
  A death knight (D:13)
  An orc high priest (Orc:1)
  A tengu warrior (D:15)
  A deep troll earth mage (Vaults:1)
  9 alligators
  13 naga sharpshooters
  2 iron trolls (Vaults:1)
  10 shock serpents
  5 salamander mystics
  11 deep elf knights
  Sonja (D:11)
  A fire crab (Lair:6)
  3 spectral anacondas (Snake:3)
  3 spriggan druids
  A goliath frog (Swamp:4)
  24 deep trolls
  4 anaconda zombies (Snake:3)
  A glowing orange brain (shapeshifter) (Elf:2)
  13 swamp dragons
  3 wizards
  8 bog bodies
  An anaconda skeleton (Snake:3)
  8 deep elf archers
  A glowing orange brain (Vaults:1)
  7 lindwurms
  7 naga ritualists
  5 harpies
  7 ironbound convokers
  20 deep elf zephyrmancers
  12 mana vipers
  3 necromancers
  A salamander (shapeshifter) (D:15)
  34 deep elf pyromancers
  6 manticores
  3 cyclopes
  10 orc sorcerers
  28 salamanders
  A tengu skeleton (Vaults:1)
  4 oklob plants (Lair:6)
  19 ugly things
  10 will-o-the-wisps
  A stone giant zombie (Vaults:1)
  19 elephants
  31 black mambas
  12 naga magi
  2 molten gargoyles (Volcano)
  A vault sentinel (Vaults:2)
  Joseph (D:9)
  2 gargoyles
  8 guardian serpents
  A torpor snail (Gauntlet)
  13 cane toads
  Psyche (D:11)
  9 komodo dragons
  3 yaktaurs (Vaults:2)
  6 rime drakes
  Maggie (D:10)
  3 kobold demonologists
  2 anaconda simulacra (Snake:3)
  A yaktaur (shapeshifter) (D:14)
  3 polar bears
  3 bloated husks
  10 hornets
  7 trolls
  26 blink frogs
  4 slime creatures
  9 tyrant leeches
  Sigmund (D:3)
  4 air elementals
  4 redbacks (Vaults:1)
  12 spriggans
  A vampire (D:12)
  A shadow (D:11)
  4 wraiths
  A yak (shapeshifter) (Elf:2)
  An elf zombie (Vaults:1)
  5 fire bats (Volcano)
  6 fire elementals
  A water elemental (Elf:1)
  45 yaks
  Eustachio (D:6)
  5 hogs (Elf:1)
  A human (shapeshifter) (Elf:1)
  4 wyverns
  2 basilisks
  Menkaure (D:6)
  A steam dragon (D:7)
  6 wargs
  A redback simulacrum (D:12)
  26 nagas
  19 swamp worms
  An acid dragon (D:10)
  5 hell hounds
  16 water moccasins
  6 swamp drakes (Swamp:4)
  18 orc warriors
  4 black bears
  4 ice beasts
  5 necrophages
  2 sky beasts
  8 ogres
  22 wolves
  9 centaurs
  4 kobold brigands
  2 phantoms
  9 bullfrogs
  A wyvern zombie (D:9)
  A glowing shapeshifter simulacrum (Vaults:1)
  An earth elemental (Elf:2)
  2 scorpions
  19 killer bees
  5 wights (D:8)
  An electric eel (D:9)
  7 howler monkeys
  7 centaur zombies
  5 lava snakes (Volcano)
  2 bullfrog zombies
  A bullfrog skeleton (D:5)
  10 orc priests
  2 gnoll shamans
  4 hounds
  5 jellies
  26 orc wizards
  A scorpion zombie (D:5)
  13 hell rats
  A hound skeleton (D:4)
  A howler monkey zombie (D:8)
  7 gnolls
  6 adders
  2 shadow imps (D:6)
  An ufetubus (D:6)
  A worm (D:4)
  3 dart slugs
  48 orcs
  11 endoplasms
  A giant cockroach (D:3)
  6 goblins
  3 hobgoblins
  3 jackals (D:1)
  5 quokkas
  5 ball pythons
  5 bats (D:1)
  A frilled lizard (D:2)
  18 kobolds
  4 rats
1217 creatures vanquished.

Vanquished Creatures (collateral kills)
  A vault warden (Vaults:2)
  3 ironbound preservers (Vaults:2)
  A dire elephant (Vaults:2)
  A yaktaur captain (Vaults:2)
  4 salamander tyrants
  3 dancing weapons (Elf:2)
  A two-headed ogre (Vaults:2)
  4 ironbound beastmasters
  4 salamander mystics
  An anaconda zombie (Snake:3)
  3 deep trolls (Vaults:2)
  2 spectral anacondas (Snake:3)
  2 lindwurms
  2 anaconda skeletons (Snake:3)
  An ironbound convoker (Vaults:2)
  2 ugly things (Vaults:2)
  6 salamanders
  An anaconda simulacrum (Snake:3)
  2 nagas
  An ogre (D:15)
  29 foxfires
74 creatures vanquished.

Vanquished Creatures (others)
  A two-headed ogre (D:15)
  An alligator (Swamp:2)
  A salamander mystic (Snake:3)
  A rime drake (Lair:6)
  A polar bear (Lair:6)
  A water elemental (Elf:2)
  A basilisk (Lair:6)
  An orc (Orc:2)
  4 ball lightnings (Elf:2)
  4 briar patches (Swamp:4)
  3460 foxfires
  34 fungi
  58 plants
  A withered plant (D:3)
3569 creatures vanquished.

Grand Total: 4860 creatures vanquished

Notes
Turn   | Place    | Note
-------+----------+-------------------------------------------
     0 | D:1      | rogsnak the Djinni Fire Elementalist began the quest for
                  | the Orb.
     0 | D:1      | Reached XP level 1. HP: 15/15 MP: 0/0
   371 | D:1      | Reached XP level 2. HP: 18/21 MP: 0/0
   832 | D:1      | Reached skill level 3 in Spellcasting
   832 | D:1      | Reached XP level 3. HP: 23/25 MP: 0/0
   832 | D:1      | Learned a level 1 spell: Corona
  1822 | D:2      | Reached XP level 4. HP: 30/31 MP: 0/0
  2282 | D:3      | Found a faded altar of an unknown god.
  2652 | D:3      | Noticed Sigmund
  2659 | D:3      | Killed Sigmund
  2660 | D:3      | Reached skill level 1 in Fighting
  2660 | D:3      | Reached skill level 4 in Spellcasting
  2660 | D:3      | Reached XP level 5. HP: 30/37 MP: 0/0
  2660 | D:3      | Learned a level 2 spell: Call Imp
  2660 | D:3      | Reached XP level 6. HP: 35/42 MP: 0/0
  3198 | D:4      | Found Iggicwou's Self-Improvement Boutique.
  3585 | D:4      | Noticed a black bear
  3601 | D:4      | Killed a black bear
  3602 | D:4      | Reached XP level 7. HP: 22/47 MP: 0/0
  3602 | D:4      | Learned a level 2 spell: Blink
  3961 | D:4      | Reached skill level 5 in Spellcasting
  4307 | D:4      | Found a runed translucent door.
  4308 | D:4      | Noticed Spaninq's ghost (amateur PaGl)
  4334 | D:5      | Entered Level 5 of the Dungeon
  4390 | D:5      | Reached skill level 1 in Shields
  4687 | D:5      | Found a runed translucent door.
  4689 | D:5      | Noticed voltaire321's ghost (novice GrFi)
  4701 | D:5      | Reached XP level 8. HP: 50/54 MP: 0/0
  4719 | D:5      | Reached skill level 6 in Spellcasting
  5086 | D:5      | Found a staircase to the Ecumenical Temple.
  5095 | Temple   | Entered the Ecumenical Temple
  5153 | Temple   | Became a worshipper of Elyvilon the Healer
  6006 | D:6      | Reached * piety under Elyvilon
  6030 | D:6      | Reached skill level 7 in Spellcasting
  6236 | D:6      | Reached XP level 9. HP: 47/59 MP: 0/0
  6236 | D:6      | Learned a level 4 spell: Animate Dead
  6302 | D:6      | Found Amimulat's Distillery.
  6362 | D:6      | Noticed Eustachio
  6373 | D:6      | Killed Eustachio
  6381 | D:6      | Noticed Menkaure
  6437 | D:6      | Killed Menkaure
  6438 | D:6      | Reached skill level 5 in Dodging
  6452 | D:6      | Reached skill level 8 in Spellcasting
  6829 | D:6      | Reached ** piety under Elyvilon
  6872 | D:6      | Found a shadowy altar of Dithmenos.
  7112 | D:7      | Found a burning altar of Makhleb.
  7372 | D:7      | Reached XP level 10. HP: 42/67 MP: 0/0
  7909 | D:8      | Reached skill level 1 in Armour
  7909 | D:8      | Reached skill level 9 in Spellcasting
  8134 | D:8      | Reached *** piety under Elyvilon
  8491 | D:8      | Identified the +0 robe of Wu Jian's Reproof {Harm Stlth+}
  8598 | D:8      | Found Alitoixt's Weapon Shop.
  8955 | D:9      | Noticed a cyclops
  9683 | D:9      | Killed a cyclops
  9684 | D:9      | Reached skill level 10 in Spellcasting
  9715 | D:9      | Reached XP level 11. HP: 74/74 MP: 0/0
  9715 | D:9      | Learned a level 5 spell: Agony
  9717 | D:9      | Found a staircase to the Lair.
  9839 | D:9      | Noticed Joseph
  9887 | D:9      | Killed Joseph
  9921 | D:9      | Found an iron altar of Okawaru.
 10328 | D:10     | Entered Level 10 of the Dungeon
 10353 | D:10     | Reached **** piety under Elyvilon
 10366 | D:10     | Reached skill level 5 in Fighting
 10412 | D:10     | Found a staircase to the Orcish Mines.
 10574 | D:10     | Noticed Maggie
 10580 | D:10     | Killed Maggie
 10711 | D:10     | Found an ornate altar of the Wu Jian Council.
 10898 | D:10     | Found Zeikk's Armour Boutique.
 11694 | D:11     | Noticed Psyche
 11789 | D:11     | Noticed a five-headed hydra
 11808 | D:11     | Killed a five-headed hydra
 11869 | D:11     | Reached skill level 11 in Spellcasting
 11927 | D:11     | Noticed a two-headed ogre
 11939 | D:11     | Killed a two-headed ogre
 11983 | D:11     | Noticed a green ugly thing
 11983 | D:11     | Noticed a manticore
 12004 | D:11     | Killed a green ugly thing
 12012 | D:11     | Killed a manticore
 12033 | D:11     | Noticed Sonja
 12036 | D:11     | Killed Sonja
 12037 | D:11     | Reached XP level 12. HP: 72/84 MP: 0/0
 12422 | D:11     | Noticed a boulder beetle
 12427 | D:11     | Killed a boulder beetle
 12679 | D:12     | Reached skill level 5 in Shields
 12692 | D:12     | Reached skill level 12 in Spellcasting
 12723 | D:11     | Reached ***** piety under Elyvilon
 12725 | D:11     | Paralysed by Psyche for 6 turns
 12726 | D:11     | Killed Psyche
 13210 | D:12     | Noticed a two-headed ogre
 13214 | D:12     | Killed a two-headed ogre
 13230 | D:12     | Noticed a two-headed ogre
 13237 | D:12     | Killed a two-headed ogre
 13245 | D:12     | Identified the +1 robe "Hatig" {Rampage rElec Str+4}
 13558 | D:13     | Noticed a centaur warrior
 13568 | D:13     | Killed a centaur warrior
 13569 | D:13     | Reached XP level 13. HP: 50/92 MP: 0/0
 13569 | D:13     | Learned a level 5 spell: Iskenderun's Battlesphere
 13670 | D:13     | Noticed a centaur warrior
 13678 | D:13     | Killed a centaur warrior
 13739 | D:13     | Noticed a centaur warrior
 13745 | D:13     | Killed a centaur warrior
 13934 | D:13     | Noticed Erolcha
 14053 | D:13     | Noticed a centaur warrior
 14058 | D:13     | Killed a centaur warrior
 14085 | D:13     | Killed Erolcha
 14086 | D:13     | Reached skill level 13 in Spellcasting
 14158 | D:13     | Noticed a four-headed hydra
 14162 | D:13     | Killed a four-headed hydra
 14384 | D:14     | Noticed a boulder beetle
 14420 | D:13     | Killed a boulder beetle
 14471 | D:14     | Found a gate to the Vaults.
 14471 | D:14     | Noticed a vault guard
 14471 | D:14     | Noticed a vault guard
 14471 | D:14     | Noticed a vault guard
 14471 | D:14     | Noticed a vault guard
 14471 | D:14     | Noticed a vault guard
 14471 | D:14     | Noticed a vault guard
 14471 | D:14     | Noticed a vault guard
 14484 | D:13     | Killed a vault guard
 14618 | D:14     | Noticed a boulder beetle
 14628 | D:14     | Killed a boulder beetle
 14673 | D:14     | Reached ****** piety under Elyvilon
 14714 | D:14     | You are sucked into a shaft and drop 1 floor!
 14714 | D:15     | Entered Level 15 of the Dungeon
 14714 | D:15     | Found a blossoming altar of Fedhas.
 14714 | D:15     | Noticed an ogre mage
 14731 | D:15     | Killed an ogre mage
 14753 | D:15     | HP: 2/94 [two-headed ogre (9)]
 14855 | D:15     | Noticed an ettin
 14859 | D:15     | Killed an ettin
 14860 | D:15     | Reached XP level 14. HP: 86/101 MP: 0/0
 15079 | D:15     | Found a staircase to the Depths.
 15263 | D:15     | Reached skill level 14 in Spellcasting
 15400 | D:15     | Identified Roxanne's Compendium of Transmutation
 15400 | D:15     | Noticed Roxanne
 16210 | Orc:1    | Entered Level 1 of the Orcish Mines
 16361 | Orc:1    | Reached skill level 5 in Armour
 16366 | Orc:1    | Reached skill level 10 in Fighting
 16502 | Orc:1    | Found Ziull's General Store.
 16507 | Orc:1    | Found Edable's Specific Store.
 16514 | Orc:1    | Bought a potion of heal wounds for 60 gold pieces
 16514 | Orc:1    | Bought a scroll of blinking for 90 gold pieces
 16678 | Orc:2    | Entered Level 2 of the Orcish Mines
 16718 | Orc:2    | Found Sydeuc's Antique Armour Shop.
 16819 | Orc:2    | Found a burning altar of Makhleb.
 17048 | Orc:2    | Noticed an orc warlord
 17073 | Orc:2    | Killed an orc warlord
 17150 | Orc:2    | Noticed Azrael
 17195 | Orc:2    | Killed Azrael
 17196 | Orc:2    | Reached skill level 1 in Evocations
 17237 | Orc:2    | Found a staircase to the Elven Halls.
 17359 | Orc:2    | Found Uluggoh's Distillery.
 17399 | Orc:2    | Found Opnax's Magic Scroll Emporium.
 17536 | Orc:2    | Reached XP level 15. HP: 103/107 MP: 0/0
 17536 | Orc:2    | Learned a level 6 spell: Dispersal
 17548 | Orc:2    | Found Onutin's Antique Armour Emporium.
 17631 | Orc:2    | Found Udodd's Book Emporium.
 17831 | Lair:1   | Entered Level 1 of the Lair of Beasts
 17836 | Lair:1   | Reached skill level 15 in Spellcasting
 19102 | Lair:2   | Noticed Gastronok
 19110 | Lair:2   | Killed Gastronok
 19241 | Lair:3   | Found a staircase to the Snake Pit.
 19411 | Lair:3   | Found a gate leading to a gauntlet.
 19440 | Gauntlet | Entered a Gauntlet
 19440 | Gauntlet | Found a transporter.
 19443 | Gauntlet | Found a transporter.
 19456 | Gauntlet | Found a transporter.
 19464 | Gauntlet | Found a transporter.
 19464 | Gauntlet | Found a transporter.
 19465 | Gauntlet | Found a transporter.
 19471 | Gauntlet | Found a transporter.
 19494 | Gauntlet | Found a transporter.
 19540 | Gauntlet | Found a transporter.
 19557 | Gauntlet | Found a transporter.
 19561 | Gauntlet | Found a transporter.
 19569 | Gauntlet | Found a transporter.
 19696 | Gauntlet | Identified the +3 helmet of Tuimife {*Corrode rPois Str+8
                  | Dex+3}
 19701 | Gauntlet | Identified the ring of Nitridik {Fire rElec rPois rCorr
                  | Dex-3}
 19738 | Gauntlet | Identified the +10 rapier "Vurita" {freeze, rElec}
 19908 | Lair:3   | Identified the ring "Qiraev" {rF+ Str+3 Int+5 Dex-2}
 20456 | Lair:4   | Reached XP level 16. HP: 114/114 MP: 0/0
 20563 | Lair:4   | Reached skill level 16 in Spellcasting
 20689 | Lair:4   | Found a staircase to the Swamp.
 21090 | Lair:5   | Identified 3 scrolls of acquirement
 21091 | Lair:5   | Acquired 754 gold pieces
 21093 | Lair:5   | Acquired the ring "Luyst" {Will+ rCorr Dex+6 SInv}
 21096 | Lair:5   | Acquired a manual of Dodging
 21211 | Lair:5   | Reached XP level 17. HP: 99/120 MP: 0/0
 21211 | Lair:5   | Learned a level 6 spell: Simulacrum
 22384 | Lair:6   | Entered Level 6 of the Lair of Beasts
 22429 | Lair:6   | Reached skill level 5 in Invocations
 22523 | Lair:6   | Found a dark tunnel.
 22591 | Volcano  | Entered a volcano
 22783 | Volcano  | Found a bloodstained altar of Trog.
 22828 | Volcano  | Reached skill level 17 in Spellcasting
 23192 | Lair:6   | Identified the +3 halberd "Eschoese" {vorpal, rF++}
 23318 | Lair:6   | Found a staircase to the Slime Pits.
 23642 | Lair:6   | Reached skill level 10 in Dodging
 24037 | Lair:6   | Reached XP level 18. HP: 106/126 MP: 0/0
 24575 | Orc:2    | Bought the +2 shield of Resistance {rF++ rC++ Will++} for
                  | 1947 gold pieces
 24575 | Orc:2    | Found the +2 shield of Resistance {rF++ rC++ Will++}
 24791 | D:4      | Bought a manual of Fighting for 1040 gold pieces
 25016 | Swamp:1  | Entered Level 1 of the Swamp
 25022 | Swamp:1  | Noticed Donald
 25026 | Swamp:1  | Killed Donald
 25085 | Swamp:1  | Found a basalt altar of Yredelemnul.
 25782 | Swamp:2  | Reached skill level 18 in Spellcasting
 25832 | Swamp:2  | Noticed a tentacled monstrosity
 25840 | Swamp:2  | Killed a tentacled monstrosity
 26749 | Swamp:3  | Identified the +5 dagger of the Fox {vorpal, rF+ Stlth+}
 26758 | Swamp:3  | Found a runed translucent door.
 26758 | Swamp:3  | Noticed Almightybob's ghost (adept OpCK)
 27000 | Swamp:4  | Entered Level 4 of the Swamp
 27002 | Swamp:4  | Reached skill level 5 in Stealth
 27171 | Swamp:4  | Reached XP level 19. HP: 89/132 MP: 0/0
 27171 | Swamp:4  | Learned a level 6 spell: Shadow Creatures
 27380 | Swamp:4  | Reached skill level 10 in Shields
 27522 | Swamp:4  | Reached skill level 19 in Spellcasting
 27676 | Swamp:4  | Got a decaying rune of Zot
 28125 | Snake:1  | Entered Level 1 of the Snake Pit
 28673 | Snake:1  | Noticed Aizul
 28681 | Snake:1  | Killed Aizul
 29202 | Snake:2  | Found Dicwarch's Armour Shoppe.
 29202 | Snake:2  | Found Woasid's Antique Armour Emporium.
 29206 | Snake:2  | Found Demmof's Book Shoppe.
 29319 | Snake:2  | Found a white marble altar of Elyvilon.
 30074 | Snake:3  | Reached XP level 20. HP: 139/139 MP: 0/0
 30160 | Snake:3  | Found Faaffask's Antique Armour Shop.
 30284 | Snake:3  | Bought a warped leather armour for 217 gold pieces
 30284 | Snake:3  | Identified the +2 leather armour of Gestures {rElec rF+}
                  | (You bought it in a shop on level 3 of the Snake Pit)
 30807 | Snake:3  | Found Erreudd's Book Boutique.
 30992 | Snake:3  | Found Asygeman's Assorted Antiques.
 31000 | Snake:3  | Bought a scroll labelled FOECRU RALINO for 27 gold pieces
 31474 | Snake:4  | Entered Level 4 of the Snake Pit
 31847 | Snake:4  | Reached skill level 20 in Spellcasting
 32922 | Snake:4  | Noticed Vashnia
 32969 | Snake:4  | Killed Vashnia
 32970 | Snake:4  | Reached XP level 21. HP: 46/147 MP: 0/0
 32970 | Snake:4  | Learned a level 7 spell: Storm Form
 33133 | Snake:4  | Found a runed translucent door.
 33138 | Snake:4  | Noticed krigyl's ghost (journeyman MiFi)
 33139 | Snake:4  | Found the +6 arbalest "Damnation" {damnation}
 33159 | Snake:4  | Killed krigyl's ghost
 33175 | Snake:4  | Identified the +4 falchion of Xuawazill {vorpal, *Rage
                  | rElec Int+3 SInv}
 33615 | Snake:4  | Got a serpentine rune of Zot
 33927 | Elf:1    | Entered Level 1 of the Elven Halls
 34056 | Elf:1    | Noticed Louise
 34066 | Elf:1    | Killed Louise
 34255 | Elf:1    | Found Ogamilet's One-of-a-Kind Books.
 34509 | Elf:1    | Noticed Frances
 34518 | Elf:1    | Killed Frances
 34548 | Elf:1    | Noticed Kirke
 34552 | Elf:1    | Killed Kirke
 35005 | Elf:1    | Identified the +6 arbalest "Pethamor" {venom, rF+ Dex+2}
 35091 | Elf:2    | Paralysed by an air elemental for 1 turns
 35096 | Elf:2    | Paralysed by an air elemental for 1 turns
 35100 | Elf:2    | Paralysed by an air elemental for 1 turns
 35304 | Elf:2    | Found Sismukoe's Superlative Supplies.
 35309 | Elf:2    | Found Yzxaxzafu's Magic Scroll Shop.
 35775 | Elf:2    | Found a runed translucent gate.
 35775 | Elf:2    | Found a runed translucent gate.
 35775 | Elf:2    | Found a runed translucent gate.
 36261 | Elf:2    | Reached skill level 21 in Spellcasting
 36715 | Elf:2    | Reached XP level 22. HP: 154/154 MP: 0/0
 36900 | Elf:3    | Entered Level 3 of the Elven Halls
 36945 | Elf:3    | Identified the +9 trident of the Equinox {vorpal, Dex+4}
 37060 | Elf:3    | Noticed Nikola
 37071 | Elf:3    | Killed Nikola
 37199 | Elf:3    | Paralysed by an air elemental for 1 turns
 37774 | Elf:3    | Identified the ring of Tempters {rPois rN+}
 38323 | Elf:3    | Identified the +0 quarterstaff "Ymo Anni" {drain, Str+2}
 38335 | Elf:3    | Identified the amulet "Zeukidol" {Acrobat rN+ Will+ Slay+2}
 38512 | Elf:3    | Identified the +4 hand crossbow of the Morning {vorpal, rC+
                  | Stlth+}
 38570 | Elf:3    | Identified the +0 leather armour of the Forest {Dex+6}
 38954 | Vaults:1 | Entered Level 1 of the Vaults
 38954 | Vaults:1 | Found a portal to a secret trove of treasure.
 39896 | Vaults:1 | Identified the +5 short sword "Lacvutao" {flame, Str+3}
 40034 | Vaults:1 | Reached skill level 15 in Dodging
 40403 | Vaults:2 | Reached XP level 23. HP: 150/161 MP: 0/0
 40403 | Vaults:2 | Learned a level 7 spell: Orb of Destruction
 40405 | Vaults:2 | Reached skill level 22 in Spellcasting
 40778 | Vaults:2 | Found Kiud's Armour Shoppe.
 40804 | Vaults:2 | Found a flickering gateway to a bazaar.
 40819 | Bazaar   | Entered a bazaar
 40820 | Bazaar   | Found Enoyxt's Jewellery Boutique.
 40822 | Bazaar   | Found Hioziemp's Distillery.
 40832 | Bazaar   | Found Reumakin's Magic Scroll Boutique.
 40859 | Bazaar   | Found Barakh's Armour Shop.
 40859 | Bazaar   | Found Ohocuehu's Book Shoppe.
 40891 | Bazaar   | Bought the amulet "Moqas" {rN+++ Regen+ Str-3 Int+4 Dex-4}
                  | for 672 gold pieces
 40993 | Vaults:2 | Noticed an ancient lich
 41004 | Vaults:2 | Killed from afar by an ancient lich

Illustrated notes

Levels and vault maps discovered:
D:1:      heliophobic_arrival_glass_houses, layout_basic
D:2:      layout_loops_cross, kennysheep_donut, kennysheep_generic_room_13
D:3:      layout_loops_cross, ebering_ecumenical_altar_petrified,
          due_unseen_surprise, uniq_sigmund
D:4:      layout_loops_ring, tgw_trog, gammafunk_ghost_grave,
          hangedman_abyss_or_decor_lesser_grid, dk_noncrumbling_3,
          nicolae_shop_self_help, uniq_duvessa
D:5:      wad_crossroads, layout_basic, minmay_temple_entry_grid,
          ebering_ghost_reflecting_pool
D:6:      layout_cave_pools, overflow_temple_1_default, serial_shops,
          nicolae_diamond_shop, hangedman_abyss_or_decor_stabs, kennysheep_dice,
          uniq_eustachio, uniq_menkaure
D:7:      layout_cave_pools, mainiacjoe_overflow_catwalk_spiral
D:8:      layout_layer_cave, serial_shops, nicolae_shop_window_shopping,
          minmay_microvault
D:9:      layout_loops_ring, okawaru_trees_1, erik_lair_island, uniq_joseph
D:10:     layout_layer_cave, nicolae_wu_jian_wuxing_cycle, orc_0_dummy,
          serial_shops, shop_coins, uniq_maggie
D:11:     minmay_skewed_foursquare, layout_loops_cross, uniq_psyche, uniq_sonja
D:12:     layout_layer_cave
D:13:     layout_basic, serial_corexii_hall, chequers_hall_statues_corner_a,
          corexii_hall_statues_l, corexii_hall_statues_l,
          corexii_hall_statues_i, nicolae_lava_and_water, uniq_erolcha
D:14:     layout_gridville, erik_vaults_2, minmay_misc_feat_tower
D:15:     hangedman_depths_entry_civil_slaughter, layout_basic,
          serial_bayou_pond_a, fedhas_altar_3, uniq_roxanne
Temple:   compressed_dpeg_circular_temple
Lair:1:   layout_cave_pods, infiniplex_staircase_pool_2
Lair:2:   layout_loops_ring, uniq_gastronok
Lair:3:   layout_loops_ring, guppyfry_snake_entry_island, gauntlet_entry_generic
Lair:4:   layout_hall_layers, swamp_mist, st_stairs_9, serial_bayou_shore_b
Lair:5:   layout_cave_pods, grunt_megastairs_3, lemuel_fruit_tree
Lair:6:   evilmike_catoblepas_cave, layout_loops_ring,
          nicolae_slime_entry_slimehenge, enter_volcano_3, grunt_megastairs_4,
          minmay_lair_oklob_chamber
Swamp:1:  layout_basic_swamp, basic_altar, uniq_donald
Swamp:2:  layout_basic_swamp, infiniplex_staircase_pool, swamp_pool2,
          nicolae_swamp_spooky_pond
Swamp:3:  layout_falls_marsh, ebering_ghost_inner_flame,
          evilmike_swamp_ruin_house_4, swamp_pool2
Swamp:4:  swamp, layout_basic_swamp
Snake:1:  layout_basic, nrook_guardian_serpent_double, uniq_aizul
Snake:2:  layout_onion, basic_altar, grunt_megastairs_2, minmay_shop_star
Snake:3:  layout_onion, serial_shops, shop_fountains, shop,
          nicolae_shop_behind_doors, nicolae_snake_dead_anacondas
Snake:4:  snake_pit_salamanders_mu, layout_basic, ebering_ghost_reflecting_pool,
          drop_trap, uniq_vashnia
Orc:1:    layout_caves, nicolae_specific_store
Orc:2:    kennysheep_orc_mage_school, layout_diamond_mine, serial_shops, shop,
          basic_altar, nicolae_orc_pool_cavern, uniq_azrael
Elf:1:    nicolae_elf_arrival_fired_up, layout_onion_city,
          kennysheep_underground_church, nicolae_rare_books, uniq_louise,
          uniq_kirke, uniq_frances
Elf:2:    elven_hall_of_blades_hangedman_original
          [nicolae_blade_entry_floor_patterns], layout_geoelf_grid,
          serial_shops, shop, serial_aquarium, aquarium_bridge_straight
          [aquarium_subvault_bridge, aquarium_subvault_window,
          aquarium_subvault_bridge, aquarium_subvault_window],
          aquarium_bridge_square [aquarium_subvault_bridge,
          aquarium_subvault_wall, aquarium_subvault_window,
          aquarium_subvault_balcony], aquarium_window_1, aquarium_window_1,
          aquarium_view_2e, aquarium_view_2b, nicolae_alphabet_shops
Elf:3:    elf_hall_gauntlet_narrow, layout_geoelf_diagonals, st_stairs_6,
          grunt_ministairs_10, grunt_megastairs_1, uniq_nikola
Vaults:1: v_alt_pattern_4, hangedman_vaults_capsules,
          nicolae_vaults_mini_display_case, nicolae_vaults_network_square,
          nicolae_vaults_little_squares_1, layout_vaults_omnigrid, enter_trove_1
Vaults:2: biasface_vaults_ghost_orc_armoury, v_rooms_1, grunt_vaults_trifunnel,
          nicolae_vaults_disjoint_gnomons, vaults_room_fours, v_misc_2,
          st_more_cells, v_alt_pattern_6, vaults_dpeg_ring,
          nicolae_vaults_angled_halls, layout_vaults_maze_snakey, serial_shops,
          bzr_in_the_mist, nicolae_shop_trees, shop, nicolae_shop_crystal,
          nicolae_shop_temple_entry_statues_fountains

Skill      XL: |  1  2  3  4  5  6  7  8  9 10 11 12 13 14 15 16 17 18 19 20 21 22 23 |
---------------+----------------------------------------------------------------------+-----
Spellcasting   | 3 4 5 7 8 10 11 12 13 14 15 16 17 18 19 20 21 22 | 22.3
Fighting       | 1 2 3 4 6 8 9 10 11 12 13 | 13.3
Dodging        | 3 4 5 6 7 8 9 10 11 13 14 15 | 15.4
Stealth        | 2 5 |  5.0
Shields        | 1 2 3 4 5 6 7 8 9 10 11 13 | 13.8
Armour         | 3 4 5 6 7 |  7.3
Evocations     | 1 2 |  2.7
Invocations    | 2 3 5 |  5.0

Action                   |  1- 3 |  4- 6 |  7- 9 | 10-12 | 13-15 | 16-18 | 19-21 | 22-24 || total
-------------------------+-------+-------+-------+-------+-------+-------+-------+-------++-------
Melee: Dagger            |     3 |       |       |       |       |       |       |       ||     3
       Mace              |     8 |       |       |       |       |       |       |       ||     8
       Short sword       |     5 |    11 |    21 |       |       |       |       |       ||    37
       Scimitar          |       |       |    36 |    67 |    33 |    11 |     2 |     2 ||   151
       Rapier            |       |       |       |       |       |    73 |   339 |    75 ||   487
       Staff             |       |       |       |       |       |       |     1 |       ||     1
       Unarmed           |       |       |       |       |       |       |       |     9 ||     9
 Cast: Foxfire           |    49 |    38 |   137 |   263 |   310 |   479 |   598 |   136 ||  2010
       Conjure Flame     |       |     4 |     1 |     4 |       |       |       |       ||     9
       Sticky Flame      |       |     2 |     9 |    39 |    44 |    65 |    66 |    63 ||   288
       Fireball          |       |       |     3 |    49 |   129 |   157 |   258 |   131 ||   727
       Inner Flame       |       |       |       |     3 |       |     1 |       |       ||     4
       Iskenderun's Batt |       |       |       |       |    84 |    87 |   126 |    55 ||   352
       Blink             |       |       |       |       |     1 |     1 |     6 |     1 ||     9
       Dispersal         |       |       |       |       |       |     2 |     5 |     1 ||     8
       Shadow Creatures  |       |       |       |       |       |       |    25 |     9 ||    34
       Storm Form        |       |       |       |       |       |       |       |     1 ||     1
       Orb of Destructio |       |       |       |       |       |       |       |     1 ||     1
Invok: Divine Protection |       |       |       |       |     1 |       |       |       ||     1
Evoke: Wand              |       |       |       |       |    15 |     1 |     7 |     2 ||    25
  Use: Scroll            |       |       |       |       |    17 |    12 |     6 |     1 ||    36
       Potion            |       |       |       |       |     1 |       |     1 |       ||     2
 Stab: Sleeping          |     2 |     1 |     2 |       |       |       |     4 |     1 ||    10
       Distracted        |       |       |       |       |       |       |     3 |       ||     3
Armor: Robe              |     4 |     1 |    13 |       |       |       |       |       ||    18
       Leather armour    |       |       |     2 |    12 |       |       |       |       ||    14
       Troll leather arm |       |       |       |    43 |    16 |    44 |   150 |    28 ||   281
       Skin              |       |       |       |       |       |       |       |     3 ||     3
Dodge: Dodged            |    12 |     8 |    39 |   105 |    28 |    85 |   302 |    75 ||   654
Block: Other             |       |     5 |    14 |    24 |       |       |       |     5 ||    48
       Buckler           |       |       |       |    12 |       |       |       |       ||    12
       Reflection        |       |       |       |     3 |    10 |     7 |    61 |    13 ||    94
       Kite shield       |       |       |       |    20 |    84 |   139 |   680 |   151 ||  1074
       Rpst.: Scimitar   |       |       |     7 |    24 |     4 |     5 |    10 |     1 ||    51
